 Dungeon Crawl Stone Soup version 0.31-a0-214-gb37851dbb3 (webtiles) character file.

Game seed: 3169099651125993552

28 qw the Shooter (level 3, -3/29 HPs)
             Began as a Minotaur Hexslinger on July 1, 2023.
             Slain by a goblin
             ... wielding a +0 club
             ... led by Robin
              (6 damage)
             ... on level 3 of the Dungeon.
             The game lasted 00:00:24 (1673 turns).

qw the Shooter (Minotaur Hexslinger)                Turns: 1673, Time: 00:00:25

Health: -3/29      AC:  5    Str: 12    XL:     3   Next: 0%
Magic:  3/3        EV: 11    Int: 10    God:
Gold:   117        SH:  0    Dex: 14    Spells: 3/4 levels left

rFire   . . .        Y - +1 sling (flame)
rCold   . . .        (no shield)
rNeg    + . .        e - +0 ring mail
rPois   .            (helmet restricted)
rElec   .            (no cloak)
rCorr   .            (no gloves)
SInv    .            (no boots)
Will    .....        j - amulet of the acrobat
Stlth   +            g - ring of positive energy
HPRegen 0.24/turn    (no ring)
MPRegen 0.08/turn

%: acrobat
@: about to teleport
A: horns 2, retaliatory headbutt
a: no special abilities


You were on level 3 of the Dungeon.
You visited 1 branch of the dungeon, and saw 3 of its levels.

You collected 117 gold pieces.


Innate Abilities, Weirdness & Mutations

You have a pair of horns on your head.
You reflexively headbutt those who attack you in melee.


   Skills:
 - Level 2.0 Fighting
 + Level 3.5 Ranged Weapons
 - Level 2.1 Dodging
 - Level 1.0 Spellcasting
 - Level 2.0 Hexes


You had 3 spell levels left.
You knew the following spells:

 Your Spells              Type           Power      Damage    Failure   Level
a - Slow                  Hex            16%        N/A       34%         1

Your spell library contained the following spells:

 Spells                   Type           Power      Damage    Failure   Level
 Inner Flame              Hex/Fire       2%         N/A       83%         3
 Portal Projectile        Hex/Tloc       4%         N/A       83%         3
 Cause Fear               Hex            2%         N/A       98%         4

Inventory:

Hand Weapons
 Y - a +1 sling of flaming (weapon)
Armour
 e - a +0 ring mail (worn)
Jewellery
 g - a ring of positive energy (left hand)
 j - an amulet of the acrobat (around neck)
Scrolls
 d - a scroll of identify
Potions
 c - 2 potions of curing
 f - 2 potions of haste
 h - a potion of mutation {unknown}

Dungeon Overview and Level Annotations

Branches:
Dungeon (3/15)

Altars:

Annotations:
D:3 Robin


Message History

Robin throws the goblin at you! The goblin barely misses you.
You furiously retaliate!
You headbutt the goblin!
You kill the goblin!
A goblin comes into view. It is wielding a +0 club.
A goblin comes into view. It is wielding a +0 dagger.
The hobgoblin hits you but does no damage.
Robin throws the goblin at you!
A goblin comes into view. It is wielding a +0 dagger.
The goblin shouts!
You shoot a sling bullet. The sling bullet hits the hobgoblin.
The sling bullet burns the hobgoblin.
The hobgoblin is severely wounded.
The goblin hits you with a +0 dagger. Robin throws the goblin at you!
The hobgoblin closely misses you. The goblin hits you with a +0 club.
You shoot a sling bullet.
The sling bullet barely misses the hobgoblin.
The sling bullet misses the goblin.
The sling bullet hits the goblin.
The sling bullet burns the goblin.
You kill the goblin!
The goblin completely misses you. Robin throws the goblin at you!
The hobgoblin barely misses you.
A goblin comes into view. It is wielding a +0 club.
The goblin hits you with a +0 dagger.
1672 ||| READING scroll of teleportation.
As you read the scroll of teleportation, it crumbles to dust.
You feel strangely unstable. The goblin hits you with a +0 club.
The goblin barely misses you. The goblin misses you. You furiously retaliate!
You headbutt the goblin. The hobgoblin barely misses you.
You furiously retaliate!
You headbutt the hobgoblin!
You kill the hobgoblin!
You have reached level 3!
Your experience leads to an increase in your attributes!
Increase (S)trength, (I)ntelligence, or (D)exterity?
You feel agile. x2
You shoot a sling bullet. The sling bullet hits the goblin.
The sling bullet burns the goblin.
You kill the goblin!
The goblin barely misses you. x2; The goblin hits you with a +0 club. x2
You die...

#.....#......#
#.....#......###...
####...#............
..##...#............
#...................
...#####..........
........>####...#
...#####.####..g#######.
########.......g@g.g..g.
............#..)###...#.
########.#..#.....# .#
#<....)...........+
....#....#..###...#
....#....#..# #####
....#....#...
..............
#......###


You could see Robin and 4 goblins.

Vanquished Creatures
  A bat (D:1)
  3 endoplasms
  A giant cockroach (D:2)
  6 goblins
  2 hobgoblins
  2 quokkas
  2 ball pythons (D:1)
  3 frilled lizards
  A kobold (D:2)
  6 rats
27 creatures vanquished.

Notes
Turn   | Place    | Note
-------+----------+-------------------------------------------
     0 | D:1      | qw the Minotaur Hexslinger began the quest for the Orb.
     0 | D:1      | Reached XP level 1. HP: 16/16 MP: 1/1
     0 | D:1      | 0 ||| qw: Version: 0.3-a-32-g5962c71
     0 | D:1      | 0 ||| qw: Game counter: 7685
     0 | D:1      | 0 ||| qw: Melee chars always use a shield: true
     0 | D:1      | 0 ||| qw: God list: Okawaru
     0 | D:1      | 0 ||| qw: Allow faded altars: false
     0 | D:1      | 0 ||| qw: Do Orc after clearing Dungeon:15 true
     0 | D:1      | 0 ||| qw: Do second Lair branch before Depths: true
     0 | D:1      | 0 ||| qw: Lair rune preference: random
     0 | D:1      | 0 ||| qw: Goals: Normal
     0 | D:1      | 0 ||| PLANNING D:1-11
   422 | D:1      | Reached skill level 3 in Ranged Weapons
   444 | D:1      | Reached XP level 2. HP: 23/23 MP: 2/2
   611 | D:1      | Found a faded altar of an unknown god.
   696 | D:1      | 696 ||| UPGRADING to +0 ring mail.
   706 | D:1      | 706 ||| DROPPING +0 robe.
   707 | D:1      | 707 ||| UPGRADING to ring of positive energy.
   708 | D:1      | 708 ||| READING scroll labelled COYMATECWUBLY.
   709 | D:1      | 709 ||| READING 2 scrolls labelled VIUZXIQAMNOFU.
   710 | D:1      | 710 ||| DROPPING scroll of poison.
   711 | D:1      | 711 ||| DROPPING scroll of vulnerability.
  1369 | D:2      | Identified the +0 buckler "Xocyczus" {Int+2}
  1573 | D:2      | 1573 ||| UPGRADING to amulet of the acrobat.
  1578 | D:2      | 1578 ||| READING scroll labelled JUNU UBBOAN.
  1579 | D:2      | 1579 ||| READING scroll labelled TAMAPU OFUACLI.
  1580 | D:2      | 1580 ||| READING 2 scrolls labelled WIANON HOCWA.
  1581 | D:2      | 1581 ||| READING 2 scrolls labelled MEOTTUI GOARPHO.
  1585 | D:2      | 1585 ||| DRINKING 3 smoky red potions.
  1586 | D:2      | 1586 ||| DRINKING 3 white potions.
  1666 | D:3      | Noticed Robin
  1671 | D:3      | HP: 6/24 [goblin/+0 dagger[Robin] (3)]
  1672 | D:3      | 1672 ||| READING scroll of teleportation.
  1673 | D:3      | Reached XP level 3. HP: 5/29 MP: 3/3
  1673 | D:3      | Slain by a goblin

Levels and vault maps discovered:
D:1:      pf_arrival_petrified_forest, layout_loops_cross,
          nicolae_ecumenical_snake_handling, corner_web_ring
D:2:      layout_loops_corners, kennysheep_decorative_pillar
D:3:      layout_basic, uniq_robin

Skill      XL: |  1  2 |
---------------+-------+-----
Ranged Weapons | 3 |  3.5
Fighting       | 2 |  2.0
Dodging        | |  2.1
Spellcasting   | |  1.0
Hexes          | |  2.0

Action                     || total
---------------------------++-------
   Fire: Sling             ||    65
    Use: Scroll            ||     7
         Potion            ||     2
 Armour: Robe              ||     1
         Ring mail         ||     4
  Dodge: Dodged            ||    16

Table legend:
 A = Non-vault XP
 B = Vault XP
 C = Vault XP percentage of total XP
 D = Non-vault monster count
 E = Vault monster count
 F = Vault count percentage of total count
                 A         B        C        D         E       F
            +---------+---------+-------+---------+---------+-------
      Total |      32 |      11 |  25.6 |      21 |       6 |  22.2
            +---------+---------+-------+---------+---------+-------
        D:1 |      13 |       3 |  18.8 |       9 |       2 |  18.2
        D:2 |      13 |       0 |   0.0 |       8 |       0 |   0.0
        D:3 |       6 |       8 |  57.1 |       4 |       4 |  50.0
            +---------+---------+-------+---------+---------+-------
